 Dungeon Crawl Stone Soup version 0.31-a0-968-g24f9ace8b5 (webtiles) character file.

Game seed: 13421887584192614688

840 Sanktem7 the Chopper (level 7, 0/57 (61) HPs)
             Began as a Minotaur Fighter on Oct 27, 2023.
             Was an Initiate of Okawaru.
             Slain by a wight
             ... wielding a +4 morningstar
              (11 damage)
             ... on level 6 of the Dungeon.
             The game lasted 00:05:29 (3554 turns).

Sanktem7 the Chopper (Minotaur Fighter)             Turns: 3554, Time: 00:05:29

HP:   0/57 (61)     AC: 13    Str: 23    XL:     7   Next: 67%
MP:   6/6           EV:  6    Int:  5    God:    Okawaru [......]
Gold: 185           SH: 15    Dex:  9    Spells: 6/6 levels left

rFire   + . .        a - +0 war axe {axe}
rCold   . . .        u - +3 tower shield
rNeg    . . .        t - +0 chain mail
rPois   .            (helmet restricted)
rElec   .            i - +2 cloak
rCorr   .            (no gloves)
SInv    .            (no boots)
Will    .....        (no amulet) Stlth
                     f - ring of protection from fire
HPRegen 0.29/turn    (no ring)
MPRegen 0.10/turn

%: no passive effects
@: mighty, drained
A: horns 2, retaliatory headbutt
a: Renounce Religion


You were on level 6 of the Dungeon.
You worshipped Okawaru.
Okawaru was noncommittal.
You visited 2 branches of the dungeon, and saw 7 of its levels.

You collected 185 gold pieces.


Innate Abilities, Weirdness & Mutations

You have a pair of horns on your head.
You reflexively headbutt those who attack you in melee.


   Skills:
 + Level 5.5 Fighting
 * Level 6.5 Axes
 + Level 3.1 Throwing
 + Level 5.5 Armour
 + Level 5.5 Shields


You had 6 spell levels left.
You didn't know any spells.
Your spell library contained the following spells:

 Spells                   Type           Power      Damage    Failure   Level
 Freeze                   Ice            0%         1d3       100%        1
 Magic Dart               Conj           0%         1d3       100%        1
 Frozen Ramparts          Ice            0%         1d1       100%        3
 Hailstorm                Conj/Ice       0%         3d3       100%        3
 Mephitic Cloud           Conj/Pois/Air  0%         N/A       100%        3
 Sigil of Binding         Hex            0%         N/A       100%        3
 Dimensional Bullseye     Hex/Tloc       0%         N/A       100%        4
 Leda's Liquefaction      Hex/Erth       0%         N/A       100%        4
 Call Imp                 Summ           Unusable   N/A       N/A         2
 Call Canine Familiar     Summ           Unusable   N/A       N/A         3

Inventory:

Hand Weapons
 a - a +0 war axe (weapon) {axe}
 w - a +1 mace of protection {mace}
   (You found it on level 4 of the Dungeon)
Missiles
 b - a throwing net {=f!fthrowing}
 g - 46 stones (quivered) {throwing}
 m - 2 javelins {throwing}
 x - 6 poisoned darts {throwing}
Armour
 i - a +2 cloak (worn)
   (You found it on level 1 of the Dungeon)
 t - a +0 chain mail (worn)
   (You found it on level 3 of the Dungeon)
 u - a +3 tower shield (worn)
   (You found it on level 4 of the Dungeon)
Jewellery
 f - a ring of protection from fire (left hand)
   (You found it on level 5 of the Dungeon)
Scrolls
 e - 5 scrolls of teleportation {@r4}
Potions
 d - 3 potions of might
 h - a potion of attraction {!q}
 k - 2 potions of mutation {!q}
 l - a potion of enlightenment
 n - a potion of heal wounds {@q2}
 p - a potion of haste {unknown}
 q - a potion of cancellation {unknown}

Dungeon Overview and Level Annotations

Branches:
Dungeon (6/15) Zot: 26976  Temple (1/1) D:5 Zot: 5986

Altars:
Ashenzari
Dithmenos
Elyvilon
Fedhas
Gozag
Hepliaklqana
Kikubaaqudgha
Makhleb
Nemelex Xobeh
Okawaru
Qazlal
Ru
Sif Muna
Trog
Uskayaw
Vehumet
Wu Jian
Xom
Yredelemnul
The Shining One

..# #.# # #.# #. #.#
.##
#.#####.########....
#)...#....$..z....#
#..........@z....+
#<....$...s....#
##...######......
#..)# ..^<#. #...#
..... #...# .....
..... .... .......
.... ........#


You could see a scorpion and 2 wights.


Message History

Options error: Delay interrupt name "hungry" not recognised. (~/.crawlrc:4856) Bad monster_list_colour key: strict_neutral Bad channel name 'pray' for runrest: 'pray:' Options error: Missing colour in message_colour setting: 'that.*feels deathly cold' Options error: Missing colour in message_colour setting: 'and you must be Full or above to equip it' Options error: Missing colour in message_colour setting: 'but rights himself reflexively soon after' Options error: Missing colour in message_colour setting: 'before it is too late' ✅ Successfully initialized magus.rc [v1.9.6] Welcome back, Sanktem7 the Minotaur Fighter.
Okawaru says: Bring me glory in combat!
Press ? for a list of commands and other information.
Things that are here:
a +0 scale mail; a gnoll corpse
There is an open door here.
Things that are here:
a +0 club {mace}; a gnoll corpse
Things that are here:
a +0 flail {mace}; a gnoll corpse
There is a stone staircase leading down here.
You climb downwards.
There is a stone staircase leading up here.
A wight comes into view. It is wielding a +4 morningstar.
You see here 20 gold pieces.
A wight is nearby!
Found a stone staircase leading up.
A wight comes into view. It is wielding a +4 long sword.
A scorpion comes into view.
You block the wight's attack.
You barely miss the wight. You block the wight's attack.
You hit the wight but do no damage. You hit the scorpion.
You block the scorpion's attack. The wight hits you but does no damage.
You block the scorpion's attack.
You closely miss the scorpion. You hit the wight but do no damage.
The wight hits you but does no damage.
The scorpion stings you but does no damage.
You barely miss the scorpion. Your headbutt misses the scorpion.
You hit the wight but do no damage.
The scorpion stings you but does no damage.
You block the wight's attack. The scorpion stings you. 😕 HP[-2]
You take 2 damage, and now have 59/61 hp.
You hit the scorpion. You barely miss the wight. x2
You block the scorpion's attack.
The wight hits you with a +4 morningstar!
You block the wight's attack.
The scorpion stings you but does no damage.
The wight barely misses you. The wight closely misses you. 😕 HP[-10]
You take 10 damage, and now have 49/61 hp.
You completely miss the scorpion. You hit the wight but do no damage.
You closely miss the wight. The scorpion barely misses you.
The wight hits you with a +4 long sword!
You feel drained.
The wight hits you with a +4 morningstar! 😮 HP[-15]
You now have 59 max hp (-2).
You take 15 damage, and now have 34/59 hp.
MASSIVE DAMAGE!! (PAUSE)
You slash the wight! Your headbutt misses the wight. You barely miss the wight.
You closely miss the scorpion. You block the scorpion's attack.
The wight hits you with a +4 morningstar.
You feel drained. You block the wight's attack.
The scorpion stings you but does no damage. 😮 HP[-1]
You now have 58 max hp (-1).
You barely miss the wight. You hit the wight but do no damage.
You hit the scorpion but do no damage. You block the wight's attack. x2
The scorpion stings you but does no damage.
The wight barely misses you. You furiously retaliate!
You headbutt the wight.
The wight hits you with a +4 morningstar!
* * * LOW HITPOINT WARNING * * *
The scorpion barely misses you. You furiously retaliate!
You headbutt the scorpion, but do no damage. 😨 HP[-10]
You take 10 damage, and now have 23/58 hp.
You hit the wight. Your headbutt misses the wight. You barely miss the wight.
You completely miss the scorpion.
The scorpion stings you but does no damage.
You block the wight's attack. x2 😨 HP[+1]
You barely miss the wight. You hit the wight. You closely miss the scorpion.
The scorpion stings you but does no damage.
You block the wight's attack.
The wight hits you with a +4 long sword.
* * * LOW HITPOINT WARNING * * *
The scorpion completely misses you.
The wight hits you with a +4 long sword.
* * * LOW HITPOINT WARNING * * *
You feel drained.
The wight hits you with a +4 morningstar!
* * * LOW HITPOINT WARNING * * *
😱 HP[-14]
You now have 57 max hp (-1).
You take 14 damage, and now have 10/57 hp.
MASSIVE DAMAGE!! (PAUSE)
You feel very mighty all of a sudden. You block the scorpion's attack.
The wight hits you with a +4 morningstar!
You die...

Skill      XL: |  1  2  3  4  5  6  7 |
---------------+----------------------+-----
Axes           | 3 4 5 6 |  6.5
Armour         | 4 5 |  5.5
Shields        | 4 5 |  5.5
Fighting       | 4 5 |  5.5
Throwing       | 1 2 3 |  3.1

Action                     |  1- 3 |  4- 6 |  7- 9 || total
---------------------------+-------+-------+-------++-------
  Melee: War axe           |    79 |    96 |    54 ||   229
         Headbutt          |    10 |    17 |     7 ||    34
  Throw: Stone             |       |     2 |       ||     2
    Use: Scroll            |       |     9 |     2 ||    11
         Potion            |       |       |     1 ||     1
 Armour: Scale mail        |    41 |    19 |       ||    60
         Chain mail        |       |    64 |    54 ||   118
  Dodge: Dodged            |    44 |    48 |    15 ||   107
  Block: Buckler           |    28 |    17 |       ||    45
         Tower shield      |       |    18 |    62 ||    80

Levels and vault maps discovered:
D:1:      saegor_arrival_simple_a, layout_basic
D:2:      layout_loops_cross, basic_altar, hangedman_abyss_or_decor_stabs
D:3:      layout_basic, minitemple, minmay_surrounded
D:4:      layout_basic, mainiacjoe_overflow_boulevard, minmay_goblin_outpost
D:5:      layout_rooms, overflow_temple_1_default, mainiacjoe_overflow_catwalk,
          minmay_temple_entry_trees, lightli_minifort
D:6:      layout_basic, minmay_misc_feat_iff, minivault_27,
          kennysheep_generic_room_13, uniq_blork_the_orc
Temple:   eino_temple_lava

Notes
Turn   | Place    | Note
-------+----------+-------------------------------------------
     0 | D:1      | Sanktem7 the Minotaur Fighter began the quest for the Orb.
     0 | D:1      | Reached XP level 1. HP: 19/19 MP: 0/0
     0 | D:1      | magus.rc [v1.9.6]
    99 | D:1      | Reached XP level 2. HP: 22/27 MP: 1/1
   175 | D:1      | Reached skill level 3 in Axes
   307 | D:1      | You pick up a book of Frost and begin reading...
   307 | D:1      | You add the spells Freeze, Frozen Ramparts and Hailstorm to
                  | your library.
   331 | D:1      | Reached skill level 4 in Armour
   335 | D:1      | Reached skill level 4 in Shields
   335 | D:1      | Reached XP level 3. HP: 33/33 MP: 2/2
   529 | D:1      | Reached skill level 4 in Fighting
  1113 | D:2      | Found a shimmering altar of Xom.
  1241 | D:3      | Reached XP level 4. HP: 40/40 MP: 3/3
  1325 | D:3      | Reached skill level 1 in Throwing
  1697 | D:3      | Found a blossoming altar of Fedhas.
  1698 | D:3      | Found a radiant altar of Vehumet.
  1699 | D:3      | Found an ancient bone altar of Kikubaaqudgha.
  1699 | D:3      | Found a white marble altar of Elyvilon.
  1703 | D:3      | Found a sacrificial altar of Ru.
  1704 | D:3      | Found a bloodstained altar of Trog.
  1993 | D:4      | Reached skill level 4 in Axes
  2210 | D:4      | Found a burning altar of Makhleb.
  2218 | D:4      | Reached XP level 5. HP: 47/47 MP: 4/4
  2317 | D:4      | You pick up a book of Minor Magic and begin reading...
  2317 | D:4      | You add the spells Magic Dart, Call Imp and Mephitic Cloud
                  | to your library.
  2734 | D:5      | Entered Level 5 of the Dungeon
  2742 | D:5      | Reached XP level 6. HP: 48/53 MP: 5/5
  2746 | D:5      | Noticed an ice beast
  2747 | D:5      | Reached skill level 2 in Throwing
  2751 | D:5      | Killed an ice beast
  2752 | D:5      | Reached skill level 5 in Axes
  2780 | D:5      | Found a staircase to the Ecumenical Temple.
  2786 | Temple   | Entered the Ecumenical Temple
  2826 | D:5      | Found an iron altar of Okawaru.
  2878 | D:5      | Reached skill level 5 in Shields
  2890 | D:5      | Became a worshipper of Warmaster Okawaru
  2919 | D:5      | Found an ornate altar of the Wu Jian Council.
  2937 | D:5      | Reached skill level 5 in Fighting
  2937 | D:5      | Reached skill level 5 in Armour
  2937 | D:5      | Reached XP level 7. HP: 61/61 MP: 6/6
  2978 | D:5      | Reached skill level 6 in Axes
  3153 | D:5      | You pick up a book of the Hunter and begin reading...
  3153 | D:5      | You add the spells Sigil of Binding, Dimensional Bullseye
                  | and Leda's Liquefaction to your library.
  3387 | D:5      | Reached skill level 3 in Throwing
  3500 | D:5      | magus.rc [v1.9.6]
  3553 | D:6      | HP: 10/57 [wight/+4 morningstar (7)]
  3554 | D:6      | Slain by a wight

Vanquished Creatures
  2 ice beasts (D:5)
  An ogre (D:5)
  A centaur (D:5)
  A gnoll sergeant (D:5)
  A scorpion (D:5)
  A sleepcap (D:5)
  3 iguanas
  5 adders
  11 gnolls
  2 white imps (D:5)
  A worm (D:4)
  6 orcs
  7 endoplasms
  3 giant cockroaches
  12 goblins
  11 hobgoblins
  11 jackals
  5 quokkas
  7 ball pythons
  9 bats
  3 frilled lizards (D:1)
  8 kobolds
  2 rats
113 creatures vanquished.

Table legend:
 A = Non-vault XP
 B = Vault XP
 C = Vault XP percentage of total XP
 D = Non-vault monster count
 E = Vault monster count
 F = Vault count percentage of total count
                 A         B        C        D         E       F
            +---------+---------+-------+---------+---------+-------
      Total |    1039 |     162 |  13.5 |      98 |      14 |  12.5
            +---------+---------+-------+---------+---------+-------
        D:1 |      55 |       0 |   0.0 |      32 |       0 |   0.0
        D:2 |      38 |       0 |   0.0 |      16 |       0 |   0.0
        D:3 |      42 |       2 |   4.5 |      12 |       1 |   7.7
        D:4 |     135 |      16 |  10.6 |      23 |       8 |  25.8
        D:5 |     769 |     144 |  15.8 |      15 |       5 |  25.0
            +---------+---------+-------+---------+---------+-------

Skill      XL: |  1  2  3  4  5  6  7 |
---------------+----------------------+-----
Axes           | 3 4 5 6 |  6.5
Armour         | 4 5 |  5.5
Shields        | 4 5 |  5.5
Fighting       | 4 5 |  5.5
Throwing       | 1 2 3 |  3.1

Action                     |  1- 3 |  4- 6 |  7- 9 || total
---------------------------+-------+-------+-------++-------
  Melee: War axe           |    79 |    96 |    54 ||   229
         Headbutt          |    10 |    17 |     7 ||    34
  Throw: Stone             |       |     2 |       ||     2
    Use: Scroll            |       |     9 |     2 ||    11
         Potion            |       |       |     1 ||     1
 Armour: Scale mail        |    41 |    19 |       ||    60
         Chain mail        |       |    64 |    54 ||   118
  Dodge: Dodged            |    44 |    48 |    15 ||   107
  Block: Buckler           |    28 |    17 |       ||    45
         Tower shield      |       |    18 |    62 ||    80

Illustrated notes

Table legend:
 A = Kills in this place as a percentage of kills in the entire game.
 B = Kills by you in this place as a percentage of kills by you in the entire game.
 C = Kills by friends in this place as a percentage of kills by friends in the entire game.
 D = Other kills in this place as a percentage of other kills in the entire game.
 E = Experience gained in this place as a percentage of experience gained in the entire game.
 F = Experience gained in this place divided by the number of levels of this place that you have seen.
                   A       B       C       D       E      F
               +-------+-------+-------+-------+-------+----------------------
         Total | 100.0 | 100.0 |   N/A |   N/A | 100.0 | 171.6
       Dungeon | 100.0 | 100.0 |   N/A |   N/A | 100.0 | 200.2
               +-------+-------+-------+-------+-------+----------------------

Table legend: (Time is in decaauts)
 A = Elapsed time spent in this place.
 B = Non-inter-level travel time spent in this place.
 C = Inter-level travel time spent in this place.
 D = Time resting spent in this place.
 E = Time spent auto-exploring this place.
 F = Levels seen in this place.
 G = Mean time per level.
                   A        B        C        D        E       F      G
               +--------+--------+--------+--------+--------+-----+--------+
         Total |   3640 |   3454 |    186 |     29 |   2728 |   7 |  520.0 |
       Dungeon |   3627 |   3441 |    186 |     29 |   2728 |   6 |  604.5 |
        Temple |     13 |     13 |      0 |      0 |      0 |   1 |   13.0 |
               +--------+--------+--------+--------+--------+-----+--------+

Top non-repeatable levels by time:
     D:5: 816 daAuts
     D:3: 794 daAuts
     D:4: 769 daAuts
     D:1: 626 daAuts
     D:2: 597 daAuts
     D:6: 22 daAuts
  Temple: 13 daAuts
